 Dungeon Crawl Stone Soup version 0.29.1 (webtiles) character file.

Game seed: 289477735585120157

1066 raistware the Conjurer (level 8, -1/46 HPs)
             Began as an Octopode Conjurer on Sept 12, 2022.
             Slain by Edmund
             ... wielding a +1 dire flail of protection
              (24 damage)
             ... on level 5 of the Dungeon.
             The game lasted 00:09:37 (5895 turns).

raistware the Conjurer (Octopode Conjurer)          Turns: 5895, Time: 00:09:39

Health: -1/46      AC:  1    Str: 12    XL:     8   Next: 28%
Magic:  2/27       EV: 13    Int: 23    God:
Gold:   223        SH:  0    Dex: 10    Spells: 15/20 levels left

rFire   . . .      SeeInvis .   D - staff of air
rCold   + . .      Faith    .   i - orb {light}
rNeg    + . .      Spirit   .   (helmet restricted)
rPois   .          Reflect  .   y - amulet of regeneration
rElec   +          Harm     .   k - ring of magical power
rCorr   .          Rampage  .   j - +6 ring of strength
Will    .....                   s - ring of positive energy
Stlth   +.........              C - ring of wizardry
HPRegen 0.95/turn               F - ring of protection from cold
MPRegen 0.20/turn               (no ring)
                                (no ring)
                                (no ring)

@: glowing
A: almost no armour, amphibious, 8 rings, camouflage 1, gelatinous body 1,
(nimble swimmer 1), tentacles
a: no special abilities


You were on level 5 of the Dungeon.
You visited 2 branches of the dungeon, and saw 6 of its levels.

You collected 223 gold pieces.

Inventory:

Missiles
 e - 3 javelins
 w - 4 poisoned darts
Armour
 i - an orb of light (worn)
 o - a +0 buckler
Magical Staves
 D - a staff of air (weapon)
Jewellery
 j - a +6 ring of strength (right tentacle)
 k - a ring of magical power (left tentacle)
 s - a ring of positive energy (on tentacle)
 y - an amulet of regeneration (around mantle)
 C - a ring of wizardry (on tentacle)
 F - a ring of protection from cold (on tentacle)
Wands
 E - a wand of flame (9)
Scrolls
 d - 6 scrolls of identify {unknown}
 g - 3 scrolls of immolation {unknown}
 h - 3 scrolls of summoning {unknown}
 m - a scroll of enchant weapon {unknown}
 n - a scroll of fear {unknown}
 p - 2 scrolls of teleportation {unknown}
 r - a scroll of amnesia {unknown}
 t - a scroll of butterflies {unknown}
 u - a scroll of vulnerability {unknown}
 x - 3 scrolls of magic mapping {unknown}
 z - a scroll of poison {unknown}
 G - a scroll of torment {unknown}
Potions
 a - 2 potions of magic
 b - 3 potions of curing {unknown}
 c - 2 potions of mutation {unknown}
 f - a potion of brilliance {unknown}
 l - a potion of attraction {unknown}
 q - 3 potions of heal wounds {unknown}
 v - a potion of invisibility {unknown}
 A - 2 potions of flight {unknown}
 B - a potion of resistance {unknown}


   Skills:
 - Level 2.0 Dodging
 - Level 3.0 Stealth
 + Level 6.7 Spellcasting
 + Level 7.1 Conjurations
 - Level 2.0 Translocations


You had 15 spell levels left.
You knew the following spells:

 Your Spells              Type           Power      Damage    Failure   Level
a - Magic Dart            Conj           100%       1d8       1%          1
b - Iskenderun's Mystic   Conj/Tloc      28%        2d7       4%          4

Your spell library contained the following spells:

 Spells                   Type           Power      Damage    Failure   Level
 Searing Ray              Conj           80%        2d7       1%          2
 Conjure Flame            Conj/Fire      24%        6-21      2%          3
 Dazzling Flash           Conj/Hex       48%        N/A       2%          3
 Freeze                   Ice            28%        1d5       3%          1
 Portal Projectile        Hex/Tloc       24%        N/A       6%          3
 Fulminant Prism          Conj/Hex       12%        3d9       8%          4
 Hailstorm                Conj/Ice       24%        3d7       8%          4
 Sticky Flame             Conj/Fire      24%        2d5       8%          4
 Frozen Ramparts          Ice            14%        1d3       10%         3
 Ignite Poison            Fire/Tmut/Pois 7%         N/A       10%         3
 Tukima's Dance           Hex            7%         N/A       10%         3
 Ice Form                 Ice/Tmut       7%         N/A       30%         4
 Summon Ice Beast         Ice/Summ       7%         N/A       30%         4
 Blade Hands              Tmut           3%         N/A       61%         5


Dungeon Overview and Level Annotations

Branches:
Dungeon (5/15)             Temple (1/1) D:5

Altars:
Ashenzari
Cheibriados
Dithmenos
Elyvilon
Fedhas
Gozag
Hepliaklqana
Kikubaaqudgha
Makhleb
Nemelex Xobeh
Okawaru
Qazlal
Ru
Trog
Uskayaw
Vehumet
Wu Jian
Yredelemnul
Zin
The Shining One

Shops:
D:2 (

Annotations:
D:5 Edmund


Innate Abilities, Weirdness & Mutations

You cannot wear most types of armour.
You are amphibious.
You can wear up to eight rings at the same time.
Your skin changes colour to match your surroundings (Stealth+).
Your rubbery body absorbs attacks. (AC +1, EV +1)
((You are camouflaged when in or above water. (Stealth+)))
You have tentacles for arms and can constrict up to eight enemies at once.


Message History

Ouch! That really hurt!
Casting: Iskenderun's Mystic Blast (dangerous; 4% risk of failure)
Confirm with . or Enter, or press ? or * to list all spells.
You erupt in a blast of force!
The mystic blast hits Edmund.
Edmund is moderately wounded.
Edmund is knocked back by the mystic blast.
Casting: Iskenderun's Mystic Blast (dangerous; 4% risk of failure)
Confirm with . or Enter, or press ? or * to list all spells.
You erupt in a blast of force!
The mystic blast hits Edmund!
Edmund is heavily wounded.
Casting: Iskenderun's Mystic Blast (dangerous; 4% risk of failure)
Confirm with . or Enter, or press ? or * to list all spells.
You erupt in a blast of force!
The mystic blast hits Edmund.
Edmund is severely wounded.
Edmund is knocked back by the mystic blast.
Throw: 6 darts (poison)
Press: ? - help, Shift-Dir - straight line, f/p - Edmund
Aim: Edmund, wielding a +1 dire flail of protection and wearing a +0 chain mail (severely wounded, strong, haloed, 84% to hit)
You throw a poisoned dart. The poisoned dart hits Edmund.
Edmund is severely wounded.
Throw: 5 darts (poison)
Press: ? - help, Shift-Dir - straight line, f/p - Edmund
Aim: Edmund, wielding a +1 dire flail of protection and wearing a +0 chain mail (severely wounded, strong, haloed, 84% to hit)
You throw a poisoned dart. The poisoned dart hits Edmund.
Edmund is poisoned.
Edmund is severely wounded.
Casting: Iskenderun's Mystic Blast (dangerous; 4% risk of failure)
Confirm with . or Enter, or press ? or * to list all spells.
You erupt in a blast of force!
The mystic blast hits Edmund but does no damage.
Edmund is severely wounded.
Edmund barely misses you.
There is an open door here.
Edmund attacks as you move away! Edmund barely misses you.
You hit Edmund but do no damage. You grab Edmund.
You squeeze Edmund, but do no damage.
Edmund is severely wounded.
You constrict Edmund, but do no damage.
Edmund hits you with a +1 dire flail of protection!!
Ouch! That really hurt!
You die...

........#....#......#....#
........#....#...>.##...##
........#....#......#####
...##...##.####.....# ...
#...##.####....## ##
#...............#
+...............#
#...............#
#.....@.........#
##+##@####.....## #..#
####### ...........#
.....(.....# ....(......#
...........# ...........#
...........#


You could see Edmund (strong, poisoned).

Vanquished Creatures
  An ice beast (D:5)
  A water moccasin (D:5)
  A phantom (D:5)
  3 scorpions (D:5)
  A howler monkey (D:5)
  2 orc priests (D:5)
  2 hounds
  5 iguanas (D:5)
  Natasha (thrice) (D:3)
  2 orc wizards
  A gnoll (D:5)
  9 adders
  4 worms
  A dart slug (D:1)
  12 orcs
  7 ball pythons
  7 endoplasms
  5 giant cockroaches
  10 goblins
  7 hobgoblins
  5 jackals (D:1)
  3 quokkas
  3 bats
  7 frilled lizards
  9 kobolds
  6 rats
117 creatures vanquished.

Notes
Turn   | Place    | Note
-------+----------+-------------------------------------------
     0 | D:1      | raistware the Octopode Conjurer began the quest for the
                  | Orb.
     0 | D:1      | Reached XP level 1. HP: 11/11 MP: 3/3
     1 | D:1      | Found a runed translucent door.
   205 | D:1      | Reached XP level 2. HP: 3/17 MP: 0/5
   723 | D:1      | Found a faded altar of an unknown god.
   897 | D:1      | Reached XP level 3. HP: 21/21 MP: 2/7
  1809 | D:2      | Reached XP level 4. HP: 27/27 MP: 10/10
  1817 | D:2      | Learned a level 4 spell: Iskenderun's Mystic Blast
  1992 | D:2      | Reached skill level 1 in Translocations
  2084 | D:2      | Found Liuwnof's Weapon Boutique.
  2180 | D:2      | Reached XP level 5. HP: 31/31 MP: 11/11
  3243 | D:3      | Found a bloodstained altar of Trog.
  3457 | D:3      | Found a glowing silver altar of Zin.
  3467 | D:3      | Noticed Natasha
  3473 | D:3      | Killed Natasha
  3547 | D:3      | Noticed Natasha
  3552 | D:3      | Killed Natasha
  3693 | D:3      | Noticed Natasha
  3697 | D:3      | Killed Natasha
  3698 | D:3      | Reached XP level 6. HP: 29/36 MP: 12/12
  4120 | D:4      | Reached skill level 5 in Conjurations
  4307 | D:4      | Found a shadowy altar of Dithmenos.
  4398 | D:4      | Found a white marble altar of Elyvilon.
  4403 | D:4      | Found a radiant altar of Vehumet.
  4605 | D:4      | Found a sparkling altar of Nemelex Xobeh.
  4646 | D:5      | Entered Level 5 of the Dungeon
  4654 | D:5      | Reached skill level 5 in Spellcasting
  4717 | D:5      | Noticed a water moccasin
  4724 | D:5      | Killed a water moccasin
  4725 | D:5      | Reached XP level 7. HP: 41/41 MP: 12/15
  4800 | D:5      | Found a staircase to the Ecumenical Temple.
  4806 | Temple   | Entered the Ecumenical Temple
  5149 | D:5      | Reached skill level 6 in Conjurations
  5510 | D:5      | Reached XP level 8. HP: 39/46 MP: 10/17
  5666 | D:5      | Reached skill level 7 in Conjurations
  5877 | D:5      | Noticed Edmund
  5895 | D:5      | Slain by Edmund

Illustrated notes

Levels and vault maps discovered:
D:1:      dpeg_arrival_caged_fury, layout_loops_ring, basic_ecumenical_altar,
          minmay_distorted
D:2:      layout_loops_ring, serial_shops, nicolae_shop_trees,
          minmay_nonomino_d4
D:3:      layout_loops_ring, zin_academy, mainiacjoe_overflow_boulevard,
          uniq_natasha
D:4:      layout_loops_ring, nicolae_overflow_hidden_temple
D:5:      layout_gridville, minmay_temple_entry_fiery,
          hangedman_abyss_or_decor_stagger, minmay_increasing_density,
          uniq_edmund
Temple:   nicolae_temple_superstar

Skill      XL: |  1  2  3  4  5  6  7  8 |
---------------+-------------------------+-----
Spellcasting   | 3 4 5 6 |  6.7
Translocations | 2 |  2.0
Stealth        | 3 |  3.0
Conjurations   | 5 6 7 |  7.1
Dodging        | |  2.0

Action                   |  1- 3 |  4- 6 |  7- 9 || total
-------------------------+-------+-------+-------++-------
Melee: Unarmed           |    40 |     4 |       ||    44
       Tentacles         |    18 |     1 |    15 ||    34
       Constrict         |    12 |     1 |    10 ||    23
       Staff             |       |       |    37 ||    37
       Punch             |       |       |     2 ||     2
Throw: Dart              |       |       |     2 ||     2
 Cast: Magic Dart        |    57 |   147 |    72 ||   276
       Iskenderun's Myst |       |     2 |    15 ||    17
Evoke: Wand              |       |     2 |     6 ||     8
Armor: Skin              |     3 |     2 |     4 ||     9
Dodge: Dodged            |    29 |    11 |    36 ||    76
